 Dungeon Crawl Stone Soup version 0.26.0-7-g794d0892b4 (webtiles) character file.

Game seed: 963366672867463326

6518 Froggeryz the Basher (level 11, -11/71 HPs)
             Began as a Tengu Abyssal Knight on Jan 11, 2021.
             Was a High Priest of Lugonu.
             Mangled by an ice devil (21 damage)
             ... on level 11 of the Dungeon.
             The game lasted 00:12:45 (11183 turns).

Froggeryz the Basher (Tengu Abyssal Knight)        Turns: 11183, Time: 00:12:46

Health: -11/71     AC: 13    Str: 15    XL:     11   Next: 0%
Magic:  13/13      EV: 11    Int: 13    God:    Lugonu [*****.]
Gold:   327        SH:  0    Dex: 14    Spells: 10/10 levels left

rFire    . . .     SeeInvis .   s - +1 whip (elec)
rCold    . . .     Faith    .   (no shield)
rNeg     . . .     Spirit   .   E - +0 scale mail (curse)
rPois    +         Reflect  .   (helmet restricted)
rElec    .         Harm     .   q - +0 cloak
rCorr    .         Rampage  .   (no gloves)
Will     .....                  (boots unavailable)
Stlth    ..........             (no amulet)
HPRegen  0.21/turn              t - +4 ring of protection
MPRegen  0.13/turn              I - ring of poison resistance

@: flying quickly and evasively, quick
A: beak, talons 3, able to fly
a: Stop Flying, Renounce Religion, Depart the Abyss, Bend Space, Banish,
Corrupt, Enter the Abyss


You were on level 11 of the Dungeon.
You worshipped Lugonu.
Lugonu was extremely pleased with you.
You visited 1 branch of the dungeon, and saw 11 of its levels.
You visited the Abyss 1 time.

You collected 530 gold pieces.
You spent 203 gold pieces at shops.

Inventory:

Hand Weapons
 i - a +2 flail of protection
 s - a +1 whip of electrocution (weapon)
Missiles
 d - 12 javelins
 A - 25 poisoned darts (quivered)
 F - a throwing net
Armour
 q - a +0 cloak (worn)
 E - a cursed +0 scale mail (worn)
Jewellery
 h - an uncursed ring of fire
 n - an uncursed ring of positive energy {unknown}
 t - a +4 ring of protection (left hand)
 B - an uncursed ring of flight {unknown}
 I - a ring of poison resistance (right hand)
Wands
 j - a wand of random effects (4)
 k - a wand of flame (13)
 m - a wand of polymorph (17)
 x - a wand of iceblast (11)
 J - a wand of enslavement (7)
Scrolls
 c - 5 scrolls of magic mapping {unknown}
 e - 3 scrolls of enchant armour {unknown}
 f - 4 scrolls of enchant weapon {unknown}
 g - 2 scrolls of identify
 l - 7 scrolls of remove curse {unknown}
 o - 2 scrolls of immolation
 r - a scroll of teleportation
 u - a scroll of blinking
 v - 2 scrolls of fog
 w - a scroll of random uselessness {unknown}
 y - a scroll of fear {unknown}
 z - a scroll of noise {unknown}
 D - 3 scrolls of amnesia {unknown}
 G - a scroll of torment {unknown}
 H - a scroll of summoning {unknown}
Potions
 a - 3 potions of lignification {unknown}
 b - 2 potions of curing
 p - 4 potions of heal wounds {unknown}
 C - 2 potions of haste


   Skills:
 * Level 9.5 Fighting
 - Level 13.0 Maces & Flails
 - Level 7.0 Armour
 - Level 1.1 Dodging
 + Level 2.1 Invocations


You had 10 spell levels left.
You didn't know any spells.
Your spell library contained the following spells:

 Spells                   Type           Power        Failure   Level
 Foxfire                  Conj/Fire      0%           71%         1
 Magic Dart               Conj           0%           71%         1
 Blink                    Tloc           N/A          83%         2
 Call Imp                 Summ           0%           83%         2
 Slow                     Hex            0%           83%         2
 Conjure Flame            Conj/Fire      0%           97%         3
 Inner Flame              Hex/Fire       0%           97%         3
 Mephitic Cloud           Conj/Pois/Air  0%           97%         3
 Sticky Flame             Conj/Fire      0%           100%        4
 Fireball                 Conj/Fire      0%           100%        5


Dungeon Overview and Level Annotations

Branches:
Dungeon (11/15)            Temple (0/1) D:6            Lair (0/6) D:9
    Orc: D:9-12

Altars:
Cheibriados
Dithmenos
Fedhas
Makhleb
Ru
Vehumet
The Shining One

Shops:
D:4 ?   D:5 =   D:9 *

Portals:
Ice
Cave: D:11

Annotations:
D:6 2 transporters


Innate Abilities, Weirdness & Mutations

You have a beak for a mouth.
You have claws for feet.
You can fly continuously.


Message History

You peck the ice devil, but do no damage.
The ice devil is moderately wounded.
You hit the ice devil but do no damage.
You claw the ice devil, but do no damage.
The ice devil is moderately wounded.
The ice devil hits you! The ice devil freezes you!! The ice devil hits you.
The ice devil freezes you!
* * * LOW HITPOINT WARNING * * *
You are too injured to fight recklessly!
Okay, then.
Okay, then.
Press: ? - help, Shift-Dir - straight line, f - ice devil
Aim: an ice devil (chance to affect: 32%)
You fail to use your ability.
The ice devil misses you. The ice devil closely misses you.
You fail to use your ability.
The ice devil completely misses you. The ice devil hits you.
* * * LOW HITPOINT WARNING * * *
The ice devil freezes you!!
You die...

#... ..........# ##
#...# #....###..#
..... #Y...# #..#
#.#.##....#.#..#
#...#.......#..####
#.#.....#.#####.....#
........#........##.#
..###+#+###.......# #
#4@.# #####...# ##4##
..#...# #.# ####.###
... .# .... '# .....
.. #..∩.. ####### ...


You could see 2 ice devils.

Vanquished Creatures
  Harold (D:7)
  A hellwing (D:10)
  Prince Ribbit (D:5)
  Grinder (D:6)
  A meliai zombie (D:9)
  Sigmund (D:2)
  6 yaks
  Duvessa (D:6)
  2 water moccasins
  3 sky beasts
  An ice beast (D:10)
  A phantom (D:6)
  3 orc warriors
  2 black bears
  3 ogres
  2 centaurs
  A big kobold (D:7)
  2 wyvern zombies (D:9)
  5 bullfrogs
  Dowan (D:6)
  A water moccasin skeleton (D:9)
  A howler monkey (D:5)
  A crimson imp (D:5)
  3 centaur zombies
  7 hounds
  7 orc priests
  Crazy Yiuf (D:3)
  2 centaur skeletons
  Ijyb (D:3)
  An iguana (D:11)
  Natasha (thrice) (D:4)
  7 orc wizards
  6 worker ants
  A hound zombie (D:5)
  A hound skeleton (D:8)
  4 gnolls (D:2)
  13 adders
  5 shadow imps
  A white imp (D:6)
  An ufetubus (D:9)
  An ooze (D:2)
  2 worms
  A dart slug (D:1)
  5 leopard geckos
  30 orcs
  10 giant cockroaches
  17 goblins
  11 hobgoblins
  2 jackals (D:6)
  15 kobolds
  3 quokkas
  A ball python (D:3)
  6 bats
  A frilled lizard (D:5)
  A jackal skeleton (D:4)
  A jackal zombie (D:6)
  A leopard gecko skeleton (D:5)
  11 rats
225 creatures vanquished.

Vanquished Creatures (others)
  4 fungi (D:9)
  14 plants (D:9)
  2 withered plants (D:9)
20 creatures vanquished.

Grand Total: 245 creatures vanquished

Notes
Turn   | Place    | Note
-------+----------+-------------------------------------------
     0 | Abyss:1  | Froggeryz the Tengu Abyssal Knight began the quest for the
                  | Orb.
     0 | Abyss:1  | Reached XP level 1. HP: 14/14 MP: 3/3
    34 | Abyss:1  | Noticed a ynoxinul
    48 | D:1      | Escaped the Abyss
   258 | D:1      | Reached XP level 2. HP: 12/19 MP: 4/4
   409 | D:1      | Reached skill level 3 in Maces & Flails
   457 | D:1      | Reached * piety under Lugonu
   807 | D:1      | Reached XP level 3. HP: 23/23 MP: 5/5
  1036 | D:1      | Reached skill level 4 in Maces & Flails
  1718 | D:2      | Reached XP level 4. HP: 22/28 MP: 6/6
  1933 | D:2      | Reached skill level 5 in Maces & Flails
  1936 | D:2      | Reached ** piety under Lugonu
  2078 | D:2      | Gained mutation: You can fly continuously. [Tengu growth]
  2078 | D:2      | Reached XP level 5. HP: 17/32 MP: 7/7
  2878 | D:3      | Noticed Ijyb
  2884 | D:3      | Killed Ijyb
  2885 | D:3      | Reached skill level 6 in Maces & Flails
  2971 | D:3      | Found a runed translucent door.
  2972 | D:3      | Noticed Crazy Yiuf
  3028 | D:3      | Noticed Sigmund
  3201 | D:2      | Killed Sigmund
  3202 | D:2      | Reached skill level 7 in Maces & Flails
  3202 | D:2      | Reached XP level 6. HP: 35/37 MP: 8/8
  3500 | D:3      | Killed Crazy Yiuf
  3832 | D:4      | Reached skill level 8 in Maces & Flails
  3832 | D:4      | Reached XP level 7. HP: 41/41 MP: 9/9
  4031 | D:4      | Found a shadowy altar of Dithmenos.
  4359 | D:4      | Noticed Natasha
  4365 | D:4      | Killed Natasha
  4522 | D:4      | Reached skill level 9 in Maces & Flails
  4615 | D:4      | Found Selohoto's Magic Scroll Shop.
  4620 | D:4      | Bought a scroll of blinking for 105 gold pieces
  4620 | D:4      | Bought a scroll of teleportation for 42 gold pieces
  4620 | D:4      | Bought a scroll of fog for 28 gold pieces
  4620 | D:4      | Bought a scroll of identify for 28 gold pieces
  4639 | D:4      | Noticed Natasha
  4644 | D:4      | Killed Natasha
  4712 | D:4      | Found a glowing golden altar of the Shining One.
  4960 | D:4      | Noticed Natasha
  4968 | D:4      | Killed Natasha
  5106 | D:5      | Entered Level 5 of the Dungeon
  5331 | D:5      | Reached *** piety under Lugonu
  5332 | D:5      | Reached XP level 8. HP: 46/46 MP: 10/10
  5439 | D:5      | Reached skill level 10 in Maces & Flails
  5527 | D:5      | Found Ditwo's Jewellery Shop.
  5878 | D:5      | Found a burning altar of Makhleb.
  5879 | D:5      | Found a radiant altar of Vehumet.
  5884 | D:5      | Reached skill level 11 in Maces & Flails
  6209 | D:5      | Found a blossoming altar of Fedhas.
  6507 | D:6      | Noticed Prince Ribbit
  6508 | D:6      | Noticed Grinder
  6562 | D:5      | Killed Prince Ribbit
  6671 | D:6      | Reached skill level 12 in Maces & Flails
  6671 | D:6      | Reached XP level 9. HP: 50/50 MP: 11/11
  6688 | D:6      | Paralysed by Grinder for 4 turns
  6698 | D:6      | Killed Grinder
  6735 | D:6      | Found a transporter.
  6740 | D:6      | Found a staircase to the Ecumenical Temple.
  6800 | D:6      | Found a snail-covered altar of Cheibriados.
  6812 | D:6      | Noticed Duvessa
  6816 | D:6      | Noticed Dowan
  6825 | D:6      | Killed Duvessa
  6828 | D:6      | Killed Dowan
  7015 | D:6      | Found a transporter.
  7024 | D:6      | Reached **** piety under Lugonu
  7412 | D:7      | Reached skill level 13 in Maces & Flails
  7630 | D:7      | Noticed Harold
  7662 | D:7      | Killed Harold
  7663 | D:7      | Reached skill level 5 in Fighting
  8108 | D:8      | Reached XP level 10. HP: 29/60 MP: 12/12
  8454 | D:8      | Reached skill level 5 in Armour
  9298 | D:9      | Found a staircase to the Lair.
  9307 | D:8      | Reached ***** piety under Lugonu
 10291 | D:9      | Found Liulon's Elemental Accessories.
 10397 | D:10     | Entered Level 10 of the Dungeon
 10397 | D:10     | Found a sacrificial altar of Ru.
 10833 | D:9      | You are sucked into a shaft and drop 2 floors!
 10833 | D:11     | Noticed a two-headed ogre
 11129 | D:11     | Reached XP level 11. HP: 69/71 MP: 13/13
 11172 | D:11     | Found a frozen archway.
 11183 | D:11     | Mangled by an ice devil

Illustrated notes

Levels and vault maps discovered:
D:1:      elethiomel_arrival_maze, layout_basic
D:2:      cheibrodos_greedy_goblins, layout_loops_ring
D:3:      layout_rooms, patterned_corridor, uniq_crazy_yiuf_cottage,
          uniq_sigmund, uniq_ijyb
D:4:      layout_layer_cave, nicolae_dithmenos_the_darkroom, tso_oasis_becter,
          serial_shops, kennysheep_little_box, uniq_natasha
D:5:      layout_loops_corners, grunt_temple_overflow_lords_of_destruction,
          fedhas_altar_1, serial_shops, nicolae_shop_crystal
D:6:      gammafunk_cloud_chamber, layout_basic, slow_altar_1,
          minmay_temple_entry_gardened_gates, skrybe_limestone_x,
          grunt_tough_drop, uniq_prince_ribbit1, uniq_duvessa, uniq_grinder
D:7:      layout_basic, uniq_harold
D:8:      layout_loops_corners
D:9:      cheibrodos_grave_circle, layout_loops_cross, lemuel_round_altar,
          minmay_lair_entry_grove, hiddenorc2_lemuel, nicolae_elemental_shop,
          kennysheep_generic_room_14
D:10:     layout_cave_pools, basic_altar, serial_shops, shop, minmay_bent,
          uniq_erica
D:11:     layout_basic, portal_ice_cave_demonic_guard

Skill      XL: |  1  2  3  4  5  6  7  8  9 10 |
---------------+-------------------------------+-----
Maces & Flails | 3 4 5 7 8 9 12 13 | 13.0
Fighting       | 6 9 |  9.5
Armour         | 4 7 |  7.0
Invocations    | 2 |  2.1
Dodging        | |  1.1

Action                   |  1- 3 |  4- 6 |  7- 9 | 10-12 || total
-------------------------+-------+-------+-------+-------++-------
Melee: Mace              |    72 |    27 |       |       ||    99
       Kick              |    10 |    18 |    78 |    99 ||   205
       Peck              |     7 |     6 |    53 |    63 ||   129
       Flail             |       |    48 |    40 |       ||    88
       Unarmed           |       |     6 |       |       ||     6
       Whip              |       |       |   286 |   297 ||   583
Throw: Javelin           |       |     1 |     2 |       ||     3
Invok: Depart the Abyss  |     1 |       |       |       ||     1
 Abil: Fly               |       |     1 |       |       ||     1
  Use: Potion            |       |     2 |       |     2 ||     4
       Scroll            |       |       |     1 |     6 ||     7
Armor: Leather armour    |    16 |    12 |       |       ||    28
       Ring mail         |       |     5 |    79 |       ||    84
       Skin              |       |     1 |       |       ||     1
       Scale mail        |       |       |     6 |   101 ||   107
Dodge: Dodged            |    35 |    43 |   123 |   125 ||   326
